 Dungeon Crawl Stone Soup version bcrawl-1.15.1 (webtiles) character file.

Game seed: 3698529007952182962

42 Hylith the Skirmisher (level 3, -9/34 HPs)
             Began as a Minotaur Fighter on Oct 3, 2019.
             Killed by divine providence
             ... invoked by an orc priest
              (17 damage)
             ... on level 3 of the Dungeon.
             The game lasted 00:02:26 (1205 turns).

Hylith the Skirmisher (Minotaur Fighter)            Turns: 1205, Time: 00:02:27

Health: -9/34      AC:  7    Str: 21    XL:     3   Next: 33%
Magic:  2/2        EV:  7    Int:  5    God:
Gold:   88         SH:  9    Dex:  9    Spells: 2/2 levels left

rFire    . . .     SeeInvis .   a - +0 war axe
rCold    . . .     Gourm    .   c - +0 shield
rNeg     . . .     Faith    .   b - +0 scale mail
rPois    .         Spirit   .   (helmet restricted)
rElec    .         Reflect  .   (no cloak)
rCorr    .         Harm     .   (no gloves)
MR       .....                  (no boots)
Stlth    ..........             (no amulet)
HPRegen  0.11/turn              (no ring)
MPRegen  0.08/turn              (no ring)

@: no status effects
A: retaliatory headbutt, horns 2
a: no special abilities


You were on level 3 of the Dungeon.
You were hungry.

You visited 1 branch of the dungeon, and saw 3 of its levels.

You collected 88 gold pieces.

Inventory:

Hand Weapons
 a - a +0 war axe (weapon)
Armour
 b - a +0 scale mail (worn)
 c - a +0 shield (worn)
Scrolls
 e - 2 scrolls of teleportation {unknown}
 h - 3 scrolls of remove curse {unknown}
 i - a scroll of blinking {unknown}
 j - a scroll of immolation {unknown}
Potions
 d - a potion of might
 k - 2 potions of curing {unknown}
 l - a potion of flight {unknown}
 m - a potion of mutation {unknown}
 n - a potion of heal wounds {unknown}
Comestibles
 f - 2 rations {!d}


   Skills:
 + Level 4.3 Fighting
 * Level 3.1 Axes
 + Level 3.9 Armour
 - Level 0.1 Dodging
 * Level 4.0 Shields


You had 2 spell levels left.
You didn't know any spells.
Your spell library was empty.

Dungeon Overview and Level Annotations

Branches:
Dungeon (3/12)

Altars:
Elyvilon
Fedhas
Zin


Innate Abilities, Weirdness & Mutations

You reflexively headbutt those who attack you in melee.
You have a pair of horns on your head.


Message History

You are too injured to fight recklessly!
You are too injured to fight recklessly!
You are too injured to fight recklessly!
You are too injured to fight recklessly!
You are too injured to fight recklessly!
You are too injured to fight recklessly!
You are too injured to fight recklessly!
You are too injured to fight recklessly!
You are too injured to fight recklessly!
You are too injured to fight recklessly!
You are too injured to fight recklessly!
You are too injured to fight recklessly!
The orc priest mumbles some strange prayers to Beogh against you.
Beogh smites you!
* * * LOW HITPOINT WARNING * * *
You see here a scroll labeled ITUSYU QIXU.
The orc priest mumbles some strange prayers to Beogh against you.
Beogh smites you!
Ouch! That really hurt!
You die...

.#.###.#..[........
...##.....
.......#..................
....##
....#..#.................
#####
.##.(...................
.##†##........# .......
).............# .......
..#.#.#.......# .......
..#...#.##...####.......
......#.###..#..@.......
...#.##.###..#....######
.............#o...#
........#.#..o###.###
........#.#...#......
...........l.........
.......##o###.####.....
.......##.# ### #+...
####...##.# ...


You could see an orc priest, 2 orcs and a frilled lizard.

Vanquished Creatures
  4 dart slugs
  A leopard gecko (D:1)
  3 ball pythons
  A giant cockroach (D:2)
  3 goblins (D:1)
  2 hobgoblins
  4 jackals (D:2)
  2 bats
  5 frilled lizards
  5 kobolds
  2 rats
32 creatures vanquished.

Notes
Turn   | Place    | Note
-------+----------+-------------------------------------------
     0 | D:1      | Hylith the Minotaur Fighter began the quest for the Orb.
     0 | D:1      | Reached XP level 1. HP: 19/19 MP: 0/0
    46 | D:1      | Reached XP level 2. HP: 18/27 MP: 1/1
   639 | D:2      | Reached XP level 3. HP: 33/33 MP: 2/2
   761 | D:2      | Found a white marble altar of Elyvilon.
   870 | D:2      | Found a blossoming altar of Fedhas.
   912 | D:2      | Found a glowing silver altar of Zin.
  1066 | D:3      | Noticed a black bear
  1205 | D:3      | Killed from afar by an orc priest

Skill      XL: |  1  2  3 |
---------------+----------+-----
Fighting       | 4 |  4.3
Axes           | 3 |  3.1
Shields        | 4 |  4.0
Armour         | |  3.9
Dodging        | |  0.1

Action                   || total
-------------------------++-------
Melee: War axe           ||    65
       Headbutt          ||    16
Armor: Scale mail        ||    31
Dodge: Dodged            ||    19
Block: Shield            ||    42
